 Dungeon Crawl Stone Soup version 0.30-a0-329-g85436e0a43 (webtiles) character file.

Game seed: 16491335373748949957

136000 Powertoast the Shatterer (level 16, -1/162 HPs)
             Began as a Minotaur Berserker on Oct 28, 2022.
             Was a High Priest of Trog.
             Killed from afar by Aizul (22 damage)
             ... with a bolt of poison
             ... on level 4 of the Snake Pit on Oct 29, 2022.
             The game lasted 02:15:59 (30717 turns).

Powertoast the Shatterer (Minotaur Berserker)      Turns: 30717, Time: 02:16:02

Health: -1/162     AC: 36    Str: 28    XL:     16   Next: 65%
Magic:  12/15      EV:  8    Int:  9    God:    Trog [*****.]
Gold:   596        SH:  0    Dex: 18    Spells: 15/15 levels left

rFire   . . .      SeeInvis .    F - +9 great mace (vorpal)
rCold   + . .      Faith    .    (shield currently unavailable)
rNeg    . . .      Spirit   .    W - +5 crystal plate armour {rC+}
rPois   .          Reflect  .    (helmet restricted)
rElec   .          Harm     .    v - +0 cloak "Wusux" {Drain +Blink Will+ Int+5}
rCorr   +          Rampage  ∞    M - +0 pair of gloves
Will    ++...                    Z - +3 pair of seven-league boots {Rampage+∞}
Stlth   ..........               C - amulet of the acrobat
HPRegen 0.47/turn                u - ring of resist corrosion
MPRegen 0.14/turn                i - +6 ring of dexterity

@: lethally poisoned (-1 -> -22), on berserk cooldown, slowed, studying Maces &
Flails, very slow
A: horns 2, retaliatory headbutt
a: Renounce Religion, Evoke Blink, Berserk, Trog's Hand, Brothers in Arms


You were on level 4 of the Snake Pit.
You worshipped Trog.
Trog was extremely pleased with you.
You visited 5 branches of the dungeon, and saw 27 of its levels.
You visited 1 bazaar.
You also visited: Ossuary and Ice Cave.

You collected 2806 gold pieces.
You spent 2210 gold pieces at shops.

Inventory:

Hand Weapons
 F - a +9 vorpal great mace (weapon)
 N - the +8 battleaxe of Trial by Ordeal {vorpal, rElec rC+ Str-5}
   (You bought it in a shop on level 13 of the Dungeon)

   It inflicts extra damage upon your enemies.
   Str:       It affects your strength (-5).
   rC:        It protects you from cold.
   rElec:     It insulates you from electricity.
 Q - a +0 great mace of holy wrath
 Y - a +4 antimagic great mace
Missiles
 j - 3 throwing nets
 p - 23 boomerangs (quivered)
Armour
 v - the +0 cloak "Wusux" (worn) {Drain +Blink Will+ Int+5}
   (You found it on level 12 of the Dungeon)

   Int:       It affects your intelligence (+5).
   +Blink:    It lets you blink.
   Drain:     It drains your maximum health when unequipped.
   Will:      It increases your willpower.
 M - a +0 pair of gloves (worn)
 W - a +5 crystal plate armour of cold resistance (worn)
 Z - the +3 pair of seven-league boots (worn) {Rampage+∞}
   (You found it on level 5 of the Lair of Beasts)

   Its wearer moves as far as possible in that direction when moving towards
   enemies.
Jewellery
 c - an amulet of reflection
 i - a +6 ring of dexterity (right hand)
 q - a ring of flight
 u - a ring of resist corrosion (left hand)
 C - an amulet of the acrobat (around neck)
 D - a +6 ring of dexterity
 E - a ring of protection from cold
 R - a ring of protection from cold
Wands
 b - a wand of quicksilver (21)
 e - a wand of roots (19)
 g - a wand of mindburst (38)
 n - a wand of paralysis (2)
 B - a wand of polymorph (7)
 G - a wand of digging (2)
 J - a wand of flame (23)
Scrolls
 a - 5 scrolls of identify
 k - 3 scrolls of blinking
 l - 9 scrolls of immolation
 m - 4 scrolls of poison
 y - 3 scrolls of magic mapping
 z - 6 scrolls of fear
 I - a scroll of silence
 K - 4 scrolls of butterflies
 L - 13 scrolls of teleportation
 P - a scroll of vulnerability
 S - a scroll of summoning
 X - a scroll of brand weapon
Potions
 d - 7 potions of attraction
 f - 3 potions of mutation
 h - 19 potions of curing
 o - 2 potions of ambrosia
 s - 8 potions of flight
 t - 5 potions of haste
 w - 3 potions of cancellation
 x - 2 potions of invisibility
 A - 4 potions of might
 H - 4 potions of lignification
 T - a potion of berserk rage
 V - a potion of resistance
Miscellaneous
 r - a tin of tremorstones (2/2)
 O - a lightning rod (4/4)
 U - a phantom mirror


   Skills:
 - Level 20.0 Fighting
 - Level 11.5(18.5) Axes
 + Level 22.7(23.6) Maces & Flails
 - Level 15.0 Armour
 - Level 4.3 Dodging
 + Level 8.6 Evocations


You had 15 spell levels left.
You didn't know any spells.
Your spell library was empty.

Dungeon Overview and Level Annotations

Branches:
Dungeon (15/15)            Temple (0/1) D:4            Lair (5/5) D:10
 Shoals (0/4) Lair:2        Snake (4/4) Lair:3        Slime (0/5) Lair:4
    Orc (2/2) D:10            Elf (1/3) Orc:2        Vaults (0/5) D:14
 Depths (0/4) D:15        Ossuary (visited)           IceCv (visited)

Altars:
Gozag
Kikubaaqudgha
Qazlal
Ru
Sif Muna
Trog
Uskayaw
Wu Jian
Zin
Jiyva

Shops:
D:6 *   D:10 (   D:13 (   D:14 [   D:15 [   Orc:1 (   Orc:2 :*:[   Snake:1 ([[

Annotations:
D:12 2 runed translucent doors
Lair:4 1 runed translucent door
Snake:1 1 transporter
Snake:3 3 runed translucent doors, Ocirch's ghost, adept DsGl; Zerisafo's ghost, adept HOMo
Snake:4 Aizul


Innate Abilities, Weirdness & Mutations

You have a pair of horns on your head.
You reflexively headbutt those who attack you in melee.


Message History

The bolt of poison hits the mana viper!
The bolt of poison hits you but does no damage.
You are more poisoned.
You feel your anger nearly subside.
You are no longer berserk.
You are exhausted.
You feel yourself slow down.
You feel extremely sick.
The naga sharpshooter unwields a +2 short sword of venom.
It stops dripping with poison.
The naga sharpshooter wields a +0 shortbow.
The naga sharpshooter casts a spell.
The naga sharpshooter magically shoots an arrow.
The arrow hits you but does no damage.
Aizul says, "I wasn't actually sleeping!"
You feel extremely sick.
The mana viper bites you but does no damage.
You feel extremely sick.
The salamander no longer looks unusually strong.
The guardian serpent casts a spell at you.
The bolt of poison hits you but does no damage.
You are more poisoned.
Aizul casts a spell at you.
The bolt of poison hits the guardian serpent.
The guardian serpent is poisoned.
The bolt of poison hits you but does no damage.
You are lethally poisoned!
The mana viper closely misses you.
* * * LOW HITPOINT WARNING * * *
You feel extremely sick.
The naga no longer looks unusually toxic.
The mana viper barely misses you.
There is an escape hatch in the ceiling here.
You feel better.
The naga no longer looks unusually strong.
The naga mage no longer looks unusually strong.
Aizul casts a spell at you.
The bolt of poison hits the mana viper!
The mana viper is poisoned.
The bolt of poison hits you!!
You are lethally poisoned!
You die...

#####.......#
#.#..##....# #))...#.#
#.#........#
#.....#.######.#.)##....#
#......... ..<.#..#
....#.. #.........#
#..#..# ....#..
#....(###..##..#..#
....... #######
#........## .....#.
#......)).# .......
###.@S.N#.^##.N.....
#.....S.S##N)....#.#.
#.......N..NNNNN.....
#.......#..)))....#..
####..#######........
#.## ##....... #. #......
#. ...... #.....


You could see Aizul, a naga sharpshooter, a salamander, a mana viper (poisoned),
a guardian serpent (poisoned), a naga mage (fast) and a naga.

Vanquished Creatures
  Saint Roka (Snake:2)
  2 deep elf sorcerers (Elf:1)
  A reaper (IceCv)
  A deep elf annihilator (Elf:1)
  Azrael (Snake:1)
  A deep elf death mage (Elf:1)
  The ghost of Soc Zyegy the Skirmisher, a journeyman GnHu of Kikubaaqudgha (Lair:1)
  Fannar (D:11)
  2 fire dragons (D:15)
  The ghost of Lutem the Fighter, a journeyman MiFi of Okawaru (Lair:1)
  An ettin (Orc:1)
  5 hydras
  The ghost of Kuuciris the Fencer, a journeyman DgGl (Lair:1)
  4 two-headed ogres
  6 boulder beetles
  The ghost of Kushur the Severer, a journeyman VSGl of Hepliaklqana (Lair:1)
  The ghost of Icyzef the Geomancer, a journeyman OpEE of Vehumet (Lair:1)
  5 anacondas
  2 catoblepae
  3 centaur warriors
  A death knight (D:13)
  5 dancing weapons (Elf:1)
  3 naga warriors
  2 tengu warriors
  An orc high priest (Orc:2)
  A shock serpent (Snake:3)
  4 naga sharpshooters
  4 deep elf knights (Elf:1)
  A salamander mystic (Snake:4)
  6 skeletal warriors
  2 sea snakes (Snake:2)
  5 deep elf archers (Elf:1)
  An orc knight (D:12)
  5 orc sorcerers
  A wolf spider (Lair:5)
  A mana viper (Snake:3)
  4 ugly things
  14 deep elf pyromancers
  18 deep elf zephyrmancers
  A salamander (shapeshifter) (D:14)
  6 manticores
  6 cyclopes
  6 elephants (Lair:3)
  7 salamanders
  22 black mambas
  2 guardian serpents (Lair:5)
  7 naga magi
  An ice statue (IceCv)
  A gargoyle (D:11)
  16 cane toads
  3 unseen horrors (D:12)
  Maggie (D:10)
  A rime drake (Lair:2)
  13 komodo dragons
  An anaconda simulacrum (IceCv)
  3 kobold demonologists
  3 freezing wraiths
  An ice devil (IceCv)
  A tengu conjurer (D:13)
  3 merfolk (Lair:2)
  A polar bear (shapeshifter) (D:14)
  10 trolls
  2 hornets
  A polar bear (Lair:5)
  A dream sheep (Lair:5)
  A meliai zombie (D:12)
  23 blink frogs
  A jumping spider (shapeshifter) (Elf:1)
  6 slime creatures
  A centaur simulacrum (D:14)
  A spriggan (shapeshifter) (D:15)
  Sigmund (D:5)
  A water elemental (Elf:1)
  A vampire (D:12)
  3 dire elephant simulacra (IceCv)
  2 shadows
  An air elemental (Elf:1)
  27 yaks
  11 wraiths
  2 steam dragons
  3 basilisks
  14 wyverns
  6 fire elementals
  A golden eye (shapeshifter) (D:14)
  3 redbacks (Lair:5)
  12 vampire mosquitoes
  A death yak simulacrum (IceCv)
  Edmund (D:4)
  Duvessa (D:4)
  21 nagas
  An acid dragon (D:13)
  A hydra simulacrum (IceCv)
  2 wargs
  19 water moccasins
  2 hell hounds (Snake:1)
  An ice beast (D:8)
  A sky beast (D:7)
  18 orc warriors
  4 black bears
  4 ogres
  A wolf (shapeshifter) (D:14)
  15 wolves
  5 centaurs
  Blork the orc (D:5)
  15 kobold brigands
  6 bullfrogs
  A necrophage (D:6)
  An earth elemental (Elf:1)
  A cane toad simulacrum (IceCv)
  3 scorpions
  6 two-headed ogre simulacra (IceCv)
  7 wights
  Dowan (D:4)
  3 elephant simulacra (IceCv)
  19 killer bees
  A howler monkey (D:10)
  An electric eel (D:10)
  A human zombie (D:4)
  10 centaur zombies
  6 hounds
  4 gnoll boudas
  A jelly (D:7)
  18 orc priests
  Ijyb (D:4)
  33 orc wizards
  5 spriggan simulacra (IceCv)
  5 iguanas
  A polar bear simulacrum (IceCv)
  3 troll simulacra (IceCv)
  A wolf simulacrum (IceCv)
  22 gnolls
  9 adders
  3 naga simulacra (IceCv)
  9 white imps
  10 ufetubi
  An adder zombie (Ossuary)
  A worm (D:2)
  2 dart slugs
  55 orcs
  5 bats
  6 endoplasms
  6 giant cockroaches
  10 goblins
  8 hobgoblins
  27 kobolds
  7 quokkas
  6 ball pythons
  A ball python skeleton (Ossuary)
  3 frilled lizards
  2 hobgoblin skeletons (Ossuary)
  A hobgoblin zombie (Ossuary)
  A kobold zombie (Ossuary)
  An orc skeleton (Ossuary)
  8 rats
818 creatures vanquished.

Vanquished Creatures (collateral kills)
  A centaur (D:9)
  An orc (D:9)
2 creatures vanquished.

Vanquished Creatures (others)
  A naga (Snake:4)
  10 fungi
  50 plants
61 creatures vanquished.

Grand Total: 881 creatures vanquished

Notes
Turn   | Place    | Note
-------+----------+-------------------------------------------
     0 | D:1      | Powertoast the Minotaur Berserker began the quest for the
                  | Orb.
     0 | D:1      | Reached XP level 1. HP: 19/19 MP: 0/0
   121 | D:1      | Reached XP level 2. HP: 27/27 MP: 1/1
   392 | D:1      | Reached XP level 3. HP: 33/33 MP: 2/2
   581 | D:2      | Reached ** piety under Trog
  1003 | D:2      | Reached skill level 5 in Axes
  1191 | D:3      | Reached XP level 4. HP: 28/41 MP: 3/3
  1259 | D:3      | Found a sacrificial altar of Ru.
  1310 | D:3      | Found a bloodstained altar of Trog.
  1317 | D:3      | Reached skill level 1 in Maces & Flails
  1325 | D:3      | Reached skill level 2 in Maces & Flails
  1329 | D:3      | Reached XP level 5. HP: 47/47 MP: 4/4
  1513 | D:3      | Reached skill level 3 in Maces & Flails
  1881 | D:4      | Found a staircase to the Ecumenical Temple.
  1918 | D:4      | Found an opulent altar of Gozag.
  1955 | D:4      | Noticed Ijyb
  1964 | D:4      | Killed Ijyb
  1965 | D:4      | Reached skill level 4 in Maces & Flails
  2018 | D:4      | Reached XP level 6. HP: 47/53 MP: 5/5
  2087 | D:4      | Reached *** piety under Trog
  2096 | D:4      | Noticed Edmund
  2105 | D:4      | Killed Edmund
  2106 | D:4      | Reached skill level 5 in Maces & Flails
  2215 | D:4      | Found a sand-covered staircase.
  2234 | Ossuary  | Entered an ossuary
  2330 | Ossuary  | Reached skill level 6 in Maces & Flails
  2330 | Ossuary  | Reached XP level 7. HP: 60/60 MP: 6/6
  2417 | Ossuary  | Noticed a wraith
  2417 | Ossuary  | Noticed a flying skull
  2450 | Ossuary  | Noticed a flying skull
  2464 | Ossuary  | Reached skill level 5 in Fighting
  2484 | Ossuary  | Noticed a wraith
  2496 | Ossuary  | Killed a wraith
  2497 | Ossuary  | Reached skill level 7 in Maces & Flails
  2497 | Ossuary  | Reached skill level 5 in Armour
  2525 | Ossuary  | Noticed a wraith
  2533 | Ossuary  | Killed a wraith
  2534 | Ossuary  | Reached skill level 8 in Maces & Flails
  2564 | Ossuary  | Noticed a flying skull
  2673 | D:4      | Noticed Dowan
  2675 | D:4      | Noticed Duvessa
  2684 | D:4      | Killed Duvessa
  2685 | D:4      | Reached XP level 8. HP: 68/68 MP: 7/7
  2686 | D:4      | Killed Dowan
  2687 | D:4      | Reached skill level 9 in Maces & Flails
  2963 | D:5      | Entered Level 5 of the Dungeon
  2963 | D:5      | Noticed Blork the orc
  3229 | D:5      | Reached skill level 10 in Maces & Flails
  3237 | D:5      | Killed Blork the orc
  3269 | D:4      | Reached skill level 11 in Maces & Flails
  3736 | D:5      | Noticed Sigmund
  3741 | D:5      | Killed Sigmund
  3742 | D:5      | Reached skill level 12 in Maces & Flails
  3742 | D:5      | Reached XP level 9. HP: 74/74 MP: 8/8
  4046 | D:6      | Found a glowing silver altar of Zin.
  4479 | D:6      | Found Naagecos's Assorted Antiques.
  5071 | D:7      | Found an ancient bone altar of Kikubaaqudgha.
  5098 | D:7      | Reached **** piety under Trog
  5113 | D:7      | Reached skill level 13 in Maces & Flails
  5484 | D:7      | Found an ornate altar of the Wu Jian Council.
  5856 | D:8      | Noticed a two-headed ogre
  5865 | D:8      | Killed a two-headed ogre
  5866 | D:8      | Reached XP level 10. HP: 88/88 MP: 9/9
  7621 | D:10     | Entered Level 10 of the Dungeon
  7625 | D:10     | Noticed Maggie
  7639 | D:10     | Killed Maggie
  7780 | D:10     | Reached skill level 14 in Maces & Flails
  7785 | D:10     | Reached skill level 1 in Evocations
  7803 | D:10     | Reached skill level 10 in Fighting
  7803 | D:10     | Reached skill level 10 in Armour
  7803 | D:10     | Reached XP level 11. HP: 73/99 MP: 10/10
  7888 | D:10     | Found a staircase to the Lair.
  8208 | D:10     | Found Woged's Antique Weapon Shop.
  8216 | D:10     | Bought a runed great mace for 275 gold pieces
  8232 | D:10     | Found a staircase to the Orcish Mines.
  8405 | Orc:1    | Entered Level 1 of the Orcish Mines
  8423 | Orc:1    | Reached ***** piety under Trog
  8435 | Orc:1    | Reached skill level 15 in Maces & Flails
  8560 | Orc:1    | Found Hiecol's Firing Range.
  8750 | Lair:1   | Entered Level 1 of the Lair of Beasts
  8768 | Lair:1   | Received a gift from Trog
  9300 | Lair:1   | Found a runed translucent gate.
  9301 | Lair:1   | Found a runed translucent gate.
  9305 | Lair:1   | Reached skill level 16 in Maces & Flails
  9671 | Lair:1   | Found a runed translucent gate.
  9674 | Lair:1   | Noticed Icyzef's ghost (journeyman OpEE)
  9674 | Lair:1   | Noticed Kushur's ghost (journeyman VSGl)
  9674 | Lair:1   | Noticed Kuuciris's ghost (journeyman DgGl)
  9674 | Lair:1   | Noticed Lutem's ghost (journeyman MiFi)
  9674 | Lair:1   | Noticed Soc Zyegy's ghost (journeyman GnHu)
 10129 | Lair:2   | Reached XP level 12. HP: 79/108 MP: 11/11
 10252 | Lair:2   | Reached skill level 17 in Maces & Flails
 10827 | Lair:2   | Found a staircase to the Shoals.
 10878 | Lair:2   | Noticed a seven-headed hydra
 10886 | Lair:2   | Killed a seven-headed hydra
 10887 | Lair:2   | Reached skill level 18 in Maces & Flails
 11759 | Lair:3   | Noticed an eight-headed hydra
 11913 | Lair:3   | Killed an eight-headed hydra
 12036 | Lair:3   | Upgraded the game from 0.30-a0-322-g102857c98e to
                  | 0.30-a0-329-g85436e0a43
 12092 | Lair:3   | Found a staircase to the Snake Pit.
 12108 | Lair:3   | Reached skill level 19 in Maces & Flails
 12958 | Lair:4   | Noticed a five-headed hydra
 13021 | Lair:4   | Killed a five-headed hydra
 13022 | Lair:4   | Reached XP level 13. HP: 60/119 MP: 12/12
 13078 | Lair:4   | Found a frozen archway.
 13122 | IceCv    | Entered an ice cave
 13239 | IceCv    | Received a gift from Trog
 13616 | IceCv    | Noticed a reaper
 14448 | IceCv    | Killed a reaper
 14545 | IceCv    | Identified the +1 helmet "Hoenushi" {Harm *Corrode rPois
                  | SInv}
 15002 | Lair:4   | Found a runed translucent door.
 15003 | Lair:4   | Found a viscous altar of Jiyva.
 15218 | Lair:4   | Noticed an azure jelly
 15219 | Lair:4   | Found a staircase to the Slime Pits.
 15450 | Lair:5   | Entered Level 5 of the Lair of Beasts
 15583 | Lair:5   | Received a gift from Trog
 15985 | Lair:5   | Reached skill level 15 in Fighting
 16463 | Lair:5   | Found the +3 pair of seven-league boots {Rampage+∞}
 17228 | Orc:2    | Entered Level 2 of the Orcish Mines
 17245 | Orc:1    | Reached XP level 14. HP: 85/137 MP: 4/13
 17374 | Orc:1    | Received a gift from Trog
 17520 | Orc:2    | Found a staircase to the Elven Halls.
 18528 | Orc:2    | Received a gift from Trog
 18681 | Orc:2    | Reached skill level 5 in Evocations
 18709 | Orc:2    | Found Nitrel's Armour Shop.
 18710 | Orc:2    | Found Piah Fett's Book Shop.
 18711 | Orc:2    | Found Ubrao's Book Boutique.
 18715 | Orc:2    | Found Nuoj's General Store.
 18721 | Orc:2    | Bought a wand of mindburst (7) for 117 gold pieces
 18721 | Orc:2    | Bought a scroll of blinking for 90 gold pieces
 18721 | Orc:2    | Bought a wand of quicksilver (3) for 151 gold pieces
 18721 | Orc:2    | Bought a scroll of brand weapon for 114 gold pieces
 18783 | Elf:1    | Entered Level 1 of the Elven Halls
 18783 | Elf:1    | Noticed a deep elf sorcerer
 18783 | Elf:1    | Noticed a deep elf sorcerer
 18783 | Elf:1    | Found a runed translucent gate.
 18783 | Elf:1    | Found a runed translucent gate.
 18783 | Elf:1    | Found a runed translucent gate.
 18783 | Elf:1    | Found a runed translucent gate.
 18783 | Elf:1    | Found a runed translucent gate.
 18783 | Elf:1    | Found a runed translucent gate.
 18787 | Elf:1    | Found a runed translucent door.
 20200 | D:11     | Received a gift from Trog
 20252 | D:11     | Noticed Fannar
 20260 | D:11     | Killed Fannar
 20670 | D:12     | Found a large runed translucent door.
 20670 | D:12     | Found a large runed translucent door.
 20769 | D:12     | Found a large runed translucent door.
 20769 | D:12     | Found a large runed translucent door.
 21521 | D:12     | Identified the +0 cloak "Wusux" {Drain +Blink Will+ Int+5}
 21667 | D:12     | Reached XP level 15. HP: 133/152 MP: 14/14
 21751 | D:13     | Found Jaeh's Antique Weapon Emporium.
 21778 | D:13     | Bought a bone battleaxe for 322 gold pieces
 21778 | D:13     | Identified the +8 battleaxe of Trial by Ordeal {vorpal,
                  | rElec rC+ Str-5} (You bought it in a shop on level 13 of
                  | the Dungeon)
 22610 | D:14     | Found a gate to the Vaults.
 22694 | D:14     | Identified the +1 robe of Negation {rPois}
 22916 | D:14     | Found Biyfid's Armour Emporium.
 23030 | D:14     | Found a hide-covered altar of Uskayaw.
 23171 | D:14     | Identified the +2 leather armour of Elyvilon {Int+2}
 23264 | D:15     | Entered Level 15 of the Dungeon
 23465 | D:15     | Found a flickering gateway to a bazaar.
 23491 | Bazaar   | Entered a bazaar
 23522 | Bazaar   | Found Zoakho Potu's Book Shoppe.
 23538 | Bazaar   | Found Kiemir's General Store.
 23538 | Bazaar   | Found Hodghyqoe's Magic Scroll Emporium.
 23560 | Bazaar   | Found Ilythes's Weapon Shoppe.
 23560 | Bazaar   | Found Wonio's Assorted Antiques.
 23614 | Bazaar   | Bought a scroll of acquirement for 988 gold pieces
 23620 | Bazaar   | Bought a scroll of teleportation for 33 gold pieces
 23620 | Bazaar   | Bought a scroll of enchant armour for 82 gold pieces
 23627 | Bazaar   | Bought a scroll of identify for 38 gold pieces
 23847 | D:15     | Found Yfug's Antique Armour Boutique.
 23987 | D:15     | Acquired a manual of Maces & Flails
 24075 | D:15     | Found a stormy altar of Qazlal.
 24417 | D:15     | Found a staircase to the Depths.
 24750 | Snake:1  | Entered Level 1 of the Snake Pit
 24792 | Snake:1  | Found a transporter.
 24796 | Snake:1  | Found a shimmering blue altar of Sif Muna.
 24803 | Snake:1  | Noticed a nagaraja
 24877 | Snake:1  | Found Ametefy's Antique Weapon Boutique.
 24877 | Snake:1  | Found Haaf's Antique Armour Shop.
 24881 | Snake:1  | Found Koph's Antique Armour Boutique.
 25027 | Snake:1  | Noticed Azrael
 25038 | Snake:1  | Killed Azrael
 25040 | Snake:1  | Reached skill level 20 in Maces & Flails
 25356 | Snake:1  | Noticed a nagaraja
 25642 | Snake:1  | Noticed a nagaraja
 25919 | Snake:2  | Noticed Saint Roka
 26265 | Snake:2  | Killed Saint Roka
 26861 | Snake:2  | Reached skill level 10 in Axes
 27636 | Elf:1    | Reached skill level 15 in Armour
 27640 | Elf:1    | Reached XP level 16. HP: 118/162 MP: 15/15
 27844 | Elf:1    | Received a gift from Trog
 27906 | Elf:1    | Reached skill level 21 in Maces & Flails
 28118 | Elf:1    | Paralysed by an air elemental for 1 turns
 28654 | Elf:1    | Found a runed translucent door.
 29218 | Snake:3  | Found a runed translucent gate.
 29218 | Snake:3  | Found a runed translucent gate.
 29218 | Snake:3  | Found a runed translucent gate.
 29516 | Lair:1   | Killed Kushur's ghost
 29516 | Lair:1   | Killed Lutem's ghost
 29521 | Lair:1   | Killed Soc Zyegy's ghost
 29524 | Lair:1   | Killed Icyzef's ghost
 29525 | Lair:1   | Killed Kuuciris's ghost
 29526 | Lair:1   | Reached skill level 22 in Maces & Flails
 29705 | Lair:1   | Identified the +1 morningstar of Irritation {freeze,
                  | Stlth+}
 29834 | Snake:3  | Noticed Ocirch's ghost (adept DsGl)
 29834 | Snake:3  | Noticed Zerisafo's ghost (adept HOMo)
 30442 | Snake:4  | Entered Level 4 of the Snake Pit
 30690 | Snake:4  | Noticed Aizul
 30705 | Snake:4  | Received a gift from Trog
 30717 | Snake:4  | Killed from afar by Aizul

Illustrated notes

Levels and vault maps discovered:
D:1:      giann_wishing_wells, layout_rooms
D:2:      layout_rooms, kennysheep_cross_room
D:3:      layout_rooms, mainiacjoe_overflow_large_starburst,
          serial_park_tiny_pond
D:4:      layout_basic, nicolae_gozag_seed_capital, minmay_temple_entry_wispy,
          enter_ossuary_3, kennysheep_generic_room_15, uniq_ijyb, uniq_duvessa,
          uniq_edmund
D:5:      layout_rooms, serial_aquarium, aquarium_bridge_square
          [aquarium_subvault_window, aquarium_subvault_bridge,
          aquarium_subvault_balcony, aquarium_subvault_bridge],
          aquarium_window_2, aquarium_window_fake, aquarium_window_corridor_1,
          aquarium_window_fake, aquarium_view_2d, aquarium_pool_double,
          st_stairs_4, serial_bayou_pond_d, uniq_sigmund, uniq_blork_the_orc
D:6:      layout_loops_ring, mainiacjoe_overflow_six_doors_small, serial_shops,
          nicolae_shop_window_shopping
D:7:      layout_basic, pdpol_wu_jian_five_deadly_venoms,
          mainiacjoe_overflow_24_doors
D:8:      layout_basic, serial_glass, glass_columns_a, glass_columns_a,
          due_unseen_surprise, special_room [special_room_orc]
D:9:      layout_gridville, serial_park_tiny_pond, nicolae_sextant
D:10:     layout_basic, erik_lair_island, serial_shops, nicolae_square_shop,
          uniq_maggie
D:11:     layout_irregular_city, uniq_fannar
D:12:     layout_loops_corners, serial_undead, serial_undead_f, serial_undead_a,
          serial_undead_b, serial_undead_a, minmay_hollow_rounded_squares
D:13:     layout_cave_pools, serial_shops, shop
D:14:     layout_basic, david_vaults_2,
          nicolae_uskayaw_murder_on_the_dancefloor, serial_shops,
          nicolae_shop_hallway_stairs, billiards_dpeg
D:15:     grunt_enter_depths_hoard, layout_layer_cave, serial_shops,
          bzr_entry_safe, shop, grunt_qazlal_clouds
Lair:1:   layout_hall_layers, gammafunk_ghost_cemetery,
          eino_small_chamber_without_monster
Lair:2:   layout_hall_layers, elwin_shoals_entry_rooms
Lair:3:   layout_cave_pods, guppyfry_snake_entry_garden, beast_lair_carwin_3
Lair:4:   layout_roguey, slime_entry_2, portal_ice_cave_entry_pillars_2,
          beast_lair_carwin_11, grunt_megastairs_5
Lair:5:   hangedman_lair_tendril_chambers, layout_gridlike,
          hellmonk_guarded_unrand_seven_league_boots
Snake:1:  gammafunk_sealed_library, layout_basic, minmay_shop_star, uniq_azrael
Snake:2:  layout_concentric_octagons, serial_bayou_shore_a, grunt_megastairs_1,
          uniq_saint_roka
Snake:3:  layout_onion, gammafunk_ghost_cemetery, nicolae_coiled_stairwell_up
Snake:4:  snake_pit, layout_rooms, serial_bayou_shore_b, uniq_aizul
Orc:1:    layout_caves, special_room [special_room_kobold],
          nicolae_shop_firing_range
Orc:2:    st_orc_mages, layout_caves
Elf:1:    nicolae_elf_arrival_dilemma, layout_rooms, minmay_elf_annihilation

Skill      XL: |  1  2  3  4  5  6  7  8  9 10 11 12 13 14 15 16 |
---------------+-------------------------------------------------+-----
Axes           | 4 5 10 11 | 11.5
Fighting       | 4 5 8 10 12 16 19 20 | 20.0
Armour         | 3 4 5 7 10 11 14 15 | 15.0
Maces & Flails | 2 4 6 8 12 13 14 16 19 20 22 | 22.7
Evocations     | 1 3 4 5 6 8 |  8.6
Dodging        | 4 |  4.3

Action                   |  1- 3 |  4- 6 |  7- 9 | 10-12 | 13-15 | 16-18 || total
-------------------------+-------+-------+-------+-------+-------+-------++-------
Melee: Hand axe          |    84 |    31 |       |       |       |       ||   115
       Headbutt          |    14 |    17 |    54 |    95 |   255 |    33 ||   468
       Flail             |       |    52 |   114 |       |       |       ||   166
       Dire flail        |       |    29 |   121 |   500 |   173 |       ||   823
       Great mace        |       |       |       |       |   880 |   123 ||  1003
       Battleaxe         |       |       |       |       |    47 |    67 ||   114
Throw: Boomerang         |     4 |       |       |     4 |       |       ||     8
Invok: Berserk           |       |     3 |     5 |     2 |     6 |     3 ||    19
       Trog's Hand       |       |       |     5 |     4 |    12 |     4 ||    25
       Brothers in Arms  |       |       |       |     1 |     3 |       ||     4
  Use: Scroll            |       |       |    12 |     3 |    27 |     7 ||    49
       Potion            |       |       |     1 |       |     6 |     5 ||    12
Armor: Animal skin       |     1 |       |       |       |       |       ||     1
       Plate armour      |    48 |    63 |   103 |    91 |       |       ||   305
       Swamp dragon scal |       |       |       |   115 |    14 |       ||   129
       Crystal plate arm |       |       |       |       |   742 |   145 ||   887
Dodge: Dodged            |    35 |    39 |   102 |   323 |   458 |    66 ||  1023

Table legend: (Time is in decaauts)
 A = Elapsed time spent in this place.
 B = Non-inter-level travel time spent in this place.
 C = Inter-level travel time spent in this place.
 D = Time resting spent in this place.
 E = Time spent auto-exploring this place.
 F = Levels seen in this place.
 G = Mean time per level.
                   A        B        C        D        E       F      G
               +--------+--------+--------+--------+--------+-----+--------+
         Total |  30360 |  28748 |   1612 |   4239 |  18968 |  30 | 1012.0 |
       Dungeon |  13195 |  12367 |    828 |    936 |   9165 |  15 |  879.7 |
          Lair |   6998 |   6572 |    426 |    791 |   4913 |   5 | 1399.6 |
     Snake Pit |   3996 |   3759 |    237 |    777 |   2404 |   4 |  999.0 |
  Orcish Mines |   2372 |   2256 |    116 |    821 |    941 |   2 | 1186.0 |
   Elven Halls |   1647 |   1644 |      3 |    645 |    593 |   1 | 1647.0 |
        Bazaar |    165 |    165 |      0 |      0 |     91 |   1 |  165.0 |
       Ossuary |    406 |    406 |      0 |      0 |    286 |   1 |  406.0 |
      Ice Cave |   1578 |   1578 |      0 |    267 |    574 |   1 | 1578.0 |
               +--------+--------+--------+--------+--------+-----+--------+

Top non-repeatable levels by time:
   Elf:1: 1647 daAuts
  Lair:5: 1644 daAuts
  Lair:2: 1643 daAuts
 Snake:2: 1617 daAuts
   IceCv: 1578 daAuts
   Orc:2: 1526 daAuts
  Lair:3: 1489 daAuts
  Lair:1: 1385 daAuts
    D:12: 1350 daAuts
 Snake:1: 1232 daAuts
    D:15: 1153 daAuts
    D:10: 1107 daAuts
     D:8: 1070 daAuts
     D:4: 1023 daAuts
 Snake:3: 1007 daAuts
